 Dungeon Crawl Stone Soup version 0.20.1 (webtiles) character file.

55 Inarius the Grave Robber (level 3, -3/26 HPs)
             Began as a Hill Orc Necromancer on July 2, 2017.
             Slain by a worm (6 damage)
             ... on level 2 of the Dungeon.
             The game lasted 00:07:56 (3298 turns).

Inarius the Grave Robber (Hill Orc Necromancer)     Turns: 3298, Time: 00:07:57

Health: -3/26      AC:  2    Str: 10    XL:     3   Next: 93%
Magic:  1/6        EV: 12    Int: 16    God:
Gold:   47         SH:  0    Dex: 11    Spells: 1/6 levels left

rFire    . . .     SeeInvis .   o - +0 whip
rCold    . . .     Gourm    .   (no shield)
rNeg     . . .     Faith    .   a - +0 robe
rPois    .         Spirit   .   (no helmet)
rElec    .         Reflect  .   (no cloak)
rCorr    .         Harm     .   (no gloves)
MR       .....                  (no boots)
Stlth    ++........             (no amulet)
Regen    0.1/turn               (no ring)
MPRegen  0.1/turn               (no ring)

@: no status effects
A: no striking features
a: no special abilities


You were on level 2 of the Dungeon.
You were not hungry.

You visited 1 branch of the dungeon, and saw 2 of its levels.

You collected 47 gold pieces.

Inventory:

Hand Weapons
 e - a +0 dagger
 o - a +0 whip (weapon)
Armour
 a - a +0 robe (worn)
Scrolls
 g - a scroll of remove curse {unknown}
 i - a scroll of blinking {unknown}
 k - 2 scrolls of identify {unknown}
 l - a scroll of noise {unknown}
 n - a scroll of enchant weapon {unknown}
Potions
 d - a potion of agility {unknown}
 f - a potion of resistance {unknown}
Books
 b - a book of Necromancy

   Spells                             Type                      Level
   a - Pain                           Necromancy                   1
   b - Animate Skeleton               Necromancy                   1
   c - Vampiric Draining              Necromancy                   3
   d - Regeneration                   Charms/Necromancy            3
   e - Animate Dead                   Necromancy                   4
   f - Control Undead                 Necromancy                   4
Comestibles
 c - 2 bread rations
 h - a royal jelly
 m - 4 fruits


   Skills:
 * Level 0.2 Fighting
 * Level 0.2 Armour
 + Level 1.7 Dodging
 - Level 1.5 Stealth
 + Level 2.1 Spellcasting
 + Level 4.8 Necromancy


You had one spell level left.
You knew the following spells:

 Your Spells              Type           Power        Failure   Level  Hunger
a - Pain                  Necr           ###.         2%          1    #......
b - Animate Skeleton      Necr           N/A          2%          1    #......
c - Vampiric Draining     Necr           ###.......   9%          3    ###....


Dungeon Overview and Level Annotations

Branches:
Dungeon (2/15)

Altars:


Message History

Aim: a worm (heavily wounded, chance to defeat MR: 82%)
The worm writhes in agony!
You barely miss the worm.
The worm is severely wounded.
You completely miss the worm.
The worm is severely wounded.
The worm bites you!
You hit the worm.
The worm is severely wounded.
The worm bites you!
* * * LOW HITPOINT WARNING * * *
You hit the worm but do no damage.
The worm is severely wounded.
The worm closely misses you.
You hit the worm but do no damage.
The worm is severely wounded.
You barely miss the worm.
The worm is severely wounded.
The worm bites you.
You die...

..#.# ....# .#..#
############ ....##
#..........# .#...##
#........>.#
......##########<.........#
..#...รท(..................#
h##....#..######w.........#
(#####.##.# ###@.........#
.# #....####............# .#
###.......#..........# ###
##...####..........#
..######..#..# ############
#..........#.# ######..#...#
...##.#...# ..### #.#.#.#


You could see a worm.

Vanquished Creatures
  An ooze (D:1)
  A worm (D:2)
  A dart slug (D:1)
  3 leopard geckos (D:1)
  A ball python (D:1)
  3 bats
  2 giant cockroaches
  7 goblins
  3 hobgoblins (D:1)
  4 jackals (D:2)
  3 frilled lizards
  5 kobolds (D:1)
  4 rats
38 creatures vanquished.

Vanquished Creatures (collateral kills)
  A giant cockroach (D:1)
  A bat (D:1)
2 creatures vanquished.

Grand Total: 40 creatures vanquished

Notes
Turn   | Place    | Note
-------+----------+-------------------------------------------
     0 | D:1      | Inarius the Hill Orc Necromancer began the quest for the Orb.
     0 | D:1      | Reached XP level 1. HP: 14/14 MP: 3/3
     9 | D:1      | Learned a level 1 spell: Animate Skeleton
   423 | D:1      | Reached XP level 2. HP: 20/20 MP: 2/4
  1037 | D:1      | Reached XP level 3. HP: 14/26 MP: 0/5
  1846 | D:2      | Learned a level 3 spell: Vampiric Draining
  3298 | D:2      | Slain by a worm

Skill      XL: |  1  2  3 |
---------------+----------+-----
Spellcasting   | 2 |  2.1
Fighting       | |  0.2
Armour         | |  0.2
Dodging        | |  1.7
Stealth        | |  1.5
Necromancy     | |  4.8

Action                   || total
-------------------------++-------
Melee: Unarmed           ||    23
       Club              ||     5
       Dagger            ||    79
       Whip              ||     6
 Cast: Pain              ||    86
       Animate Skeleton  ||     6
 Stab: Sleeping          ||     1
  Eat: Chunk             ||     7
       Bread ration      ||     1
Armor: Robe              ||    30
Dodge: Dodged            ||    90
